 Dungeon Crawl Stone Soup version 0.23-a0-14-g8c9a20f (webtiles) character file.

318 yoda5477 the Shield-Bearer (level 6, -13/53 HPs)
             Began as a Gnoll Fighter on Aug 2, 2018.
             Mangled by an ogre
             ... wielding a +0 giant club
              (18 damage)
             ... on level 4 of the Dungeon.
             The game lasted 00:09:59 (2338 turns).

yoda5477 the Shield-Bearer (Gnoll Fighter)          Turns: 2338, Time: 00:10:01

Health: -13/53     AC:  7    Str: 21    XL:     6   Next: 45%
Magic:  8/8        EV: 12    Int: 10    God:
Gold:   183        SH: 11    Dex: 14    Spells: 6/8 levels left

rFire    . . .     SeeInvis .   a - +1 war axe
rCold    . . .     Gourm    .   c - +0 shield
rNeg     . . .     Faith    .   b - +0 scale mail
rPois    .         Spirit   .   x - +0 hat
rElec    .         Reflect  .   (no cloak)
rCorr    .         Harm     .   (no gloves)
MR       .....                  (no boots)
Stlth    +.........             (no amulet)
HPRegen  0.17/turn              g - ring of wizardry
MPRegen  0.11/turn              q - +3 ring of evasion

@: no status effects
A: distributed training, fangs 1, strong nose
a: no special abilities


You were on level 4 of the Dungeon.
You were not hungry.

You visited 1 branch of the dungeon, and saw 4 of its levels.

You collected 183 gold pieces.

Inventory:

Hand Weapons
 a - a +1 war axe (weapon)
 m - a +1 dagger of freezing
 p - a +1 dagger of protection
 r - a +0 hunting sling
 v - a +0 dagger of flaming
 y - a +0 rapier
 z - a +0 halberd
Armour
 b - a +0 scale mail (worn)
 c - a +0 shield (worn)
 o - a +0 ring mail
 x - a +0 hat (worn)
Jewellery
 g - a ring of wizardry (left hand)
 q - a +3 ring of evasion (right hand)
Scrolls
 e - a scroll of teleportation
 j - a scroll of enchant weapon
 l - 2 scrolls of identify
Potions
 d - 2 potions of might
 h - 2 potions of mutation {unknown}
 i - 2 potions of resistance {unknown}
 k - a potion of curing {unknown}
 n - 2 potions of heal wounds {unknown}
 s - a potion of agility {unknown}
 t - a potion of flight {unknown}
 u - 4 potions of berserk rage {unknown}
Comestibles
 f - 7 rations


   Skills:
 + Level 6.8 Fighting
 + Level 1.9 Short Blades
 + Level 1.9 Long Blades
 + Level 5.0 Axes
 + Level 1.9 Maces & Flails
 + Level 1.9 Polearms
 + Level 1.9 Staves
 + Level 1.9 Slings
 + Level 1.9 Bows
 + Level 1.9 Crossbows
 + Level 1.9 Throwing
 + Level 6.8 Armour
 + Level 1.9 Dodging
 + Level 1.9 Stealth
 + Level 6.8 Shields
 + Level 1.9 Unarmed Combat
 + Level 1.9 Spellcasting
 + Level 1.5 Conjurations
 + Level 1.5 Hexes
 + Level 1.5 Charms
 + Level 1.5 Summonings
 + Level 1.5 Necromancy
 + Level 1.5 Translocations
 + Level 1.5 Transmutations
 + Level 1.5 Fire Magic
 + Level 1.5 Ice Magic
 + Level 1.5 Air Magic
 + Level 1.5 Earth Magic
 + Level 1.5 Poison Magic
 + Level 2.1 Invocations
 + Level 1.9 Evocations


You had 6 spell levels left.
You knew the following spells:

 Your Spells              Type           Power        Failure   Level  Hunger
a - Call Imp              Summ           #.......     54%         2    ###....

Your spell library contained the following spells:

 Spells                   Type           Power        Failure   Level  Hunger
 Summon Small Mammal      Summ           #...         41%         1    ##.....
 Summon Ice Beast         Ice/Summ       #.......     98%         4    #####..
 Call Canine Familiar     Summ           #.......     77%         3    ####...
 Summon Lightning Spire   Summ/Air       #.......     98%         4    #####..
 Summon Guardian Golem    Hex/Summ       #.......     77%         3    ####...


Dungeon Overview and Level Annotations

Branches:
Dungeon (4/15)
 Temple: D:4-7

Altars:


Innate Abilities, Weirdness & Mutations

Your experience applies equally to all skills.
You have very sharp teeth.
Your uncanny sense of smell can sniff out nearby items.


Message History

You completely miss the hound skeleton. You closely miss the worker ant.
The worker ant closely misses you. You block the ogre's attack.
The hound skeleton bites you but does no damage.
The worker ant misses you.
You slash the ogre!
The ogre is almost dead.
You slash the worker ant! You hit the hound skeleton.
The hound skeleton bites you. The ogre hits you with a giant club!!
Ouch! That really hurt!
* * * LOW HITPOINT WARNING * * *
The worker ant closely misses you.
The hound skeleton bites you but does no damage.
You completely miss the ogre.
The ogre is almost dead.
You hit the worker ant.
You kill the worker ant!
Your Axes skill increases to level 5!
You hit the hound skeleton. The hound skeleton closely misses you.
The ogre hits you with a giant club!!
You die...

#. ∆ ##. ∆ #.. #.. #..
#.. #.######### ######'
#.........###### #......
#.....O@.......# #......
#.....Z........###......
#................'......
...............###......
......########## #######
...... ...... ......


You could see an ogre and a hound skeleton.

Vanquished Creatures
  Menkaure (D:4)
  A worker ant (D:4)
  9 adders
  2 worms
  2 dart slugs (D:2)
  2 leopard geckos
  2 orcs
  6 bats
  3 giant cockroaches
  7 goblins
  9 hobgoblins
  5 jackals
  11 kobolds
  2 frilled lizards (D:1)
  A leopard gecko skeleton (D:3)
  A leopard gecko zombie (D:3)
  19 rats
83 creatures vanquished.

Notes
Turn   | Place    | Note
-------+----------+-------------------------------------------
     0 | D:1      | yoda5477 the Gnoll Fighter began the quest for the Orb.
     0 | D:1      | Reached XP level 1. HP: 23/23 MP: 1/1
   238 | D:1      | Reached XP level 2. HP: 29/29 MP: 2/2
   554 | D:1      | Reached XP level 3. HP: 34/35 MP: 3/3
   790 | D:2      | Reached skill level 1 in Invocations
   805 | D:2      | Reached skill level 1 in Short Blades
   805 | D:2      | Reached skill level 1 in Long Blades
   805 | D:2      | Reached skill level 1 in Maces & Flails
   805 | D:2      | Reached skill level 1 in Polearms
   805 | D:2      | Reached skill level 1 in Staves
   805 | D:2      | Reached skill level 1 in Slings
   805 | D:2      | Reached skill level 1 in Bows
   805 | D:2      | Reached skill level 1 in Crossbows
   805 | D:2      | Reached skill level 1 in Throwing
   805 | D:2      | Reached skill level 1 in Dodging
   805 | D:2      | Reached skill level 1 in Stealth
   805 | D:2      | Reached skill level 1 in Unarmed Combat
   805 | D:2      | Reached skill level 1 in Spellcasting
   805 | D:2      | Reached skill level 1 in Evocations
   855 | D:2      | Reached XP level 4. HP: 34/41 MP: 5/5
  1026 | D:2      | Reached skill level 1 in Conjurations
  1026 | D:2      | Reached skill level 1 in Hexes
  1026 | D:2      | Reached skill level 1 in Charms
  1026 | D:2      | Reached skill level 1 in Summonings
  1026 | D:2      | Reached skill level 1 in Necromancy
  1026 | D:2      | Reached skill level 1 in Translocations
  1026 | D:2      | Reached skill level 1 in Transmutations
  1026 | D:2      | Reached skill level 1 in Fire Magic
  1026 | D:2      | Reached skill level 1 in Ice Magic
  1026 | D:2      | Reached skill level 1 in Air Magic
  1026 | D:2      | Reached skill level 1 in Earth Magic
  1026 | D:2      | Reached skill level 1 in Poison Magic
  1546 | D:3      | Learned a level 2 spell: Call Imp
  1575 | D:3      | Reached XP level 5. HP: 47/47 MP: 6/6
  2083 | D:4      | Noticed Menkaure
  2093 | D:4      | Killed Menkaure
  2093 | D:4      | Reached XP level 6. HP: 20/53 MP: 8/8
  2338 | D:4      | Reached skill level 5 in Axes
  2338 | D:4      | Mangled by an ogre

Vault maps used:
D:1:      erik_arrival_orb_chamber, minmay_misc_feat_encased
D:3:      first_ration, serial_undead, serial_undead_b, serial_undead_b,
          serial_undead_b, serial_undead_b
D:4:      wad_lake_hut, uniq_ijyb, uniq_menkaure

Skill      XL: |  1  2  3  4  5  6 |
---------------+-------------------+-----
Invocations    | 1 2 |  2.1
Short Blades   | 1 |  1.9
Long Blades    | 1 |  1.9
Maces & Flails | 1 |  1.9
Polearms       | 1 |  1.9
Staves         | 1 |  1.9
Slings         | 1 |  1.9
Bows           | 1 |  1.9
Crossbows      | 1 |  1.9
Throwing       | 1 |  1.9
Dodging        | 1 |  1.9
Stealth        | 1 |  1.9
Unarmed Combat | 1 |  1.9
Spellcasting   | 1 |  1.9
Evocations     | 1 |  1.9
Conjurations   | 1 |  1.5
Hexes          | 1 |  1.5
Charms         | 1 |  1.5
Summonings     | 1 |  1.5
Necromancy     | 1 |  1.5
Translocations | 1 |  1.5
Transmutations | 1 |  1.5
Fire Magic     | 1 |  1.5
Ice Magic      | 1 |  1.5
Air Magic      | 1 |  1.5
Earth Magic    | 1 |  1.5
Poison Magic   | 1 |  1.5
Axes           | 5 |  5.0
Fighting       | |  6.8
Armour         | |  6.8
Shields        | |  6.8

Action                   |  1- 3 |  4- 6 || total
-------------------------+-------+-------++-------
Melee: War axe           |    86 |   135 ||   221
       Bite              |     9 |    15 ||    24
  Use: Scroll            |     3 |     6 ||     9
  Eat: Chunk             |       |     5 ||     5
Armor: Scale mail        |    36 |    44 ||    80
Dodge: Dodged            |    26 |    52 ||    78
Block: Shield            |    64 |    79 ||   143

Table legend:
 A = Spawn XP
 B = Non-spawn XP
 C = Spawn XP percentage of total XP
 D = Spawn monster count
 E = Non-spawn monster count
 F = Spawn count percentage of total count
 G = Total turns spent on level
                    A         B        C        D         E        F      G
               +---------+---------+-------+---------+---------+-------+---------
         Total |       0 |     455 |   0.0 |       0 |      83 |   0.0 |  2338
               +---------+---------+-------+---------+---------+-------+---------
           D:1 |       0 |      42 |   0.0 |       0 |      29 |   0.0 |   733
           D:2 |       0 |     110 |   0.0 |       0 |      20 |   0.0 |   497
           D:3 |       0 |      83 |   0.0 |       0 |      28 |   0.0 |   834
           D:4 |       0 |     220 |   0.0 |       0 |       6 |   0.0 |   274
               +---------+---------+-------+---------+---------+-------+---------
